[Event "Vienna Chess Open 2019"]
[Site "Vienna"]
[Date "2019.08.18"]
[Round "2.12"]
[White "Schwabeneder, Florian"]
[Black "Koehler, Gerhard"]
[Result "1-0"]
[ECO "B40"]
[WhiteElo "2404"]
[BlackElo "2197"]
[Annotator "NA"]
[PlyCount "73"]
[EventDate "2019.08.17"]
[EventType "swiss"]
[EventCountry "AUT"]
[SourceTitle "playchess.com"]
[Source "ChessBase"]
[SourceQuality "1"]
[TimeControl "40/5400+30:1800+30"]

1. e4 c5 2. Nf3 e6 3. c3 Nf6 4. e5 Nd5 5. d4 cxd4 6. cxd4 d6 7. Bc4 Nc6 8. O-O Be7 9. exd6 Qxd6 10. Nc3 Nxc3 11. bxc3 O-O 12. Re1 b6 13. Ng5 Bxg5 14. Bxg5 Bb7 15. Qg4 Rfe8 16. Bh6 Qf8 17. Bd3 Ne7 18. Bd2 Rac8 19. Re3 f5 20. Qe2 Qf7 21. Rxe6 Bd5 22. Re5 Nc6 23. Rxe8+ Rxe8 24. Qf1 Na5 25. a4 Rc8 26. Rb1 Rc6 27. f3 Nc4 28. Bf4 h6 29. Re1 Na5 30. Re5 Bc4 31. h4 Bxd3 32. Qxd3 Rf6 33. d5 Qd7 34. Qb5 Qxb5 35. axb5 Kf7 36. Re2 g6 37. Be5 1-0

[Event "Vienna Chess Open 2019"]
[Site "Vienna"]
[Date "2019.08.18"]
[Round "2.12"]
[White "Borkovec, Milan"]
[Black "Janik, Igor"]
[Result "0-1"]
[ECO "B18"]
[WhiteElo "2248"]
[BlackElo "2483"]
[Annotator "ChessBase"]
[PlyCount "68"]
[EventDate "2019.08.17"]
[EventType "swiss"]
[EventCountry "AUT"]
[SourceTitle "playchess.com"]
[Source "ChessBase"]
[SourceQuality "1"]
[TimeControl "40/5400+30:1800+30"]

1. e4 c6 2. d4 d5 3. Nd2 dxe4 4. Nxe4 Bf5 5. Ng3 Bg6 6. h4 h6 7. h5 Bh7 8. Nf3 e6 9. Bd3 Bxd3 10. Qxd3 Nf6 11. Bd2 c5 12. O-O-O Nc6 13. Bc3 Qd5 14. dxc5 Qxd3 15. Rxd3 Bxc5 16. Bxf6 gxf6 17. Ne4 Be7 18. Nd6+ Bxd6 19. Rxd6 Rg8 20. g3 Rc8 21. a3 Ke7 22. Rd3 Rc7 23. Re1 Na5 24. Nd4 Rg5 25. g4 Rxg4 26. Nf5+ Ke8 27. Nxh6 Rg5 28. Rf3 Kf8 29. Rg3 Rxg3 30. fxg3 f5 31. g4 Kg7 32. g5 Nb3+ 33. Kb1 Nd2+ 34. Kc1 Nf3 0-1

[Event "Vienna Chess Open 2019"]
[Site "Vienna"]
[Date "2019.08.18"]
[Round "2.12"]
[White "Meyer, Gordon"]
[Black "Janzelj, Tim"]
[Result "1/2-1/2"]
[ECO "B41"]
[WhiteElo "2225"]
[BlackElo "2435"]
[Annotator "ChessBase"]
[PlyCount "147"]
[EventDate "2019.08.17"]
[EventType "swiss"]
[EventCountry "AUT"]
[SourceTitle "playchess.com"]
[Source "ChessBase"]
[SourceQuality "1"]
[TimeControl "40/5400+30:1800+30"]

1. e4 c5 2. Nf3 e6 3. d4 cxd4 4. Nxd4 a6 5. c4 Nf6 6. Nc3 Qc7 7. Nc2 Be7 8. Be2 O-O 9. O-O d6 10. Be3 b6 11. Rc1 Bb7 12. f3 Nbd7 13. Qe1 Rac8 14. Qf2 Bd8 15. Rfd1 Qb8 16. Kh1 Bc7 17. Qg1 Rfe8 18. Bf1 h5 19. b4 h4 20. Ne1 Qa8 21. Rc2 Bb8 22. Na4 b5 23. cxb5 Rxc2 24. Nxc2 axb5 25. Bxb5 Rc8 26. Ne1 d5 27. Qf2 Bd6 28. exd5 Bxd5 29. Qxh4 Rb8 30. Nc3 Ne5 31. a4 Be7 32. Qg3 Ng6 33. Nxd5 Nxd5 34. Bc6 Qxc6 35. Qxb8+ Kh7 36. b5 Qc4 37. Bg1 Qe2 38. Rb1 Nc3 39. Rc1 Qd2 40. Rxc3 Qxc3 41. Bf2 Qc4 42. Kg1 Nf4 43. Qe5 Ne2+ 44. Kh1 Nc3 45. Qe3 g6 46. Qd3 Qb4 47. Qd4 Qb3 48. b6 Nd5 49. a5 Qb5 50. Nd3 Bf6 51. Qe4 Qxa5 52. b7 Qb5 53. Nc5 Be7 54. Qd3 Qb2 55. Qd4 Qb1+ 56. Bg1 Bxc5 57. Qxc5 Qxb7 58. h3 Qb1 59. Qf2 Kg8 60. Kh2 Qf5 61. Qh4 Qe5+ 62. Qg3 Nf4 63. Bf2 f6 64. Be1 Qf5 65. Bd2 e5 66. Bxf4 Qxf4 67. Qxf4 exf4 68. g3 fxg3+ 69. Kxg3 Kg7 70. Kg4 Kh6 71. f4 f5+ 72. Kh4 g5+ 73. fxg5+ Kg6 74. Kg3 1/2-1/2

[Event "Vienna Chess Open 2019"]
[Site "Vienna"]
[Date "2019.08.18"]
[Round "3.1"]
[White "Ankit, R. Rajpara"]
[Black "Huber, Martin Christian"]
[Result "1/2-1/2"]
[ECO "A48"]
[WhiteElo "2454"]
[BlackElo "2337"]
[Annotator "ChessBase"]
[PlyCount "53"]
[EventDate "2019.08.17"]
[EventType "swiss"]
[EventCountry "AUT"]
[SourceTitle "playchess.com"]
[Source "ChessBase"]
[SourceQuality "1"]
[TimeControl "40/5400+30:1800+30"]

1. d4 Nf6 2. Nf3 g6 3. Nbd2 c5 4. dxc5 Qa5 5. b3 Bg7 6. Bb2 Qxc5 7. e3 O-O 8. Be2 b6 9. O-O Bb7 10. c4 d6 11. Rc1 Nbd7 12. Nb1 Ne4 13. Bxg7 Kxg7 14. Nd4 Qg5 15. g3 h5 16. Nd2 Ndf6 17. Nxe4 Nxe4 18. Bf3 h4 19. Bxe4 Bxe4 20. Nf3 Bxf3 21. Qxf3 Rh8 22. Rfd1 hxg3 23. hxg3 Qh5 24. Qxh5 Rxh5 25. Rd5 Rah8 26. Rxh5 Rxh5 27. Kg2 1/2-1/2

[Event "Vienna Chess Open 2019"]
[Site "Vienna"]
[Date "2019.08.18"]
[Round "3.1"]
[White "Valmana Canto, Jaime"]
[Black "Zetthofer, Gerald"]
[Result "1-0"]
[ECO "B10"]
[WhiteElo "2406"]
[BlackElo "2273"]
[Annotator "NA"]
[PlyCount "31"]
[EventDate "2019.08.17"]
[EventType "swiss"]
[EventCountry "AUT"]
[SourceTitle "playchess.com"]
[Source "ChessBase"]
[SourceQuality "1"]
[TimeControl "40/5400+30:1800+30"]

1. e4 c6 2. Nc3 d5 3. Nf3 d4 4. Ne2 c5 5. c3 Nc6 6. cxd4 cxd4 7. Qa4 Bd7 8. Nexd4 e5 9. Nxc6 Bxc6 10. Bb5 Bd6 11. Bxc6+ bxc6 12. Qxc6+ Kf8 13. O-O Ne7 14. Qa6 g6 15. d4 exd4 16. Bh6+ 1-0

[Event "Vienna Chess Open 2019"]
[Site "Vienna"]
[Date "2019.08.18"]
[Round "3.2"]
[White "Mostbauer, Florian"]
[Black "Buckels, Valentin"]
[Result "1/2-1/2"]
[ECO "A46"]
[WhiteElo "2338"]
[BlackElo "2453"]
[Annotator "ChessBase"]
[PlyCount "51"]
[EventDate "2019.08.17"]
[EventType "swiss"]
[EventCountry "AUT"]
[SourceTitle "playchess.com"]
[Source "ChessBase"]
[SourceQuality "1"]
[TimeControl "40/5400+30:1800+30"]

1. d4 Nf6 2. Nf3 e6 3. e3 b6 4. Bd3 Bb7 5. O-O c5 6. c4 g6 7. Nc3 Bg7 8. d5 exd5 9. cxd5 O-O 10. e4 d6 11. Re1 Re8 12. Nd2 Ba6 13. Bxa6 Nxa6 14. Nc4 Qd7 15. a4 Nc7 16. Bf4 Bf8 17. f3 Nh5 18. Be3 f5 19. exf5 gxf5 20. Qd2 Bg7 21. Bf2 h6 22. Be3 Kh7 23. Qd3 Kh8 24. Qd2 Kh7 25. Qd3 Kh8 26. Qd2 1/2-1/2

[Event "Vienna Chess Open 2019"]
[Site "Vienna"]
[Date "2019.08.18"]
[Round "3.2"]
[White "Steindl, Johannes"]
[Black "Schwabeneder, Florian"]
[Result "1/2-1/2"]
[ECO "C10"]
[WhiteElo "2277"]
[BlackElo "2404"]
[Annotator "NA"]
[PlyCount "28"]
[EventDate "2019.08.17"]
[EventType "swiss"]
[EventCountry "AUT"]
[SourceTitle "playchess.com"]
[Source "ChessBase"]
[SourceQuality "1"]
[TimeControl "40/5400+30:1800+30"]

1. e4 e6 2. d4 d5 3. Nc3 Nc6 4. Nf3 Nf6 5. Bd3 Nb4 6. e5 Nxd3+ 7. cxd3 Ng8 8. Bd2 Ne7 9. Rc1 c6 10. h4 h5 11. Ne2 Nf5 12. Ng3 Qb6 13. Nxf5 exf5 14. Qc2 Be6 1/2-1/2

[Event "Vienna Chess Open 2019"]
[Site "Vienna"]
[Date "2019.08.18"]
[Round "3.5"]
[White "Bai, Adelard"]
[Black "Kaasen, Tor Fredrik"]
[Result "0-1"]
[ECO "E10"]
[WhiteElo "2033"]
[BlackElo "2373"]
[Annotator "NA"]
[PlyCount "68"]
[EventDate "2019.08.17"]
[EventType "swiss"]
[EventCountry "AUT"]
[SourceTitle "playchess.com"]
[Source "ChessBase"]
[SourceQuality "1"]
[TimeControl "40/5400+30:1800+30"]

1. d4 Nf6 2. c4 e6 3. Nf3 d5 4. g3 Bb4+ 5. Bd2 Be7 6. Bg2 O-O 7. O-O c6 8. Qc2 b6 9. Bf4 Ba6 10. Nbd2 Nbd7 11. Rfe1 Nh5 12. Be3 Rc8 13. b3 f5 14. Bh3 g5 15. g4 Ng7 16. Nf1 fxg4 17. Bxg4 h5 18. Bh3 g4 19. Bg2 gxf3 20. Bxf3 Nf6 21. Kh1 Bd6 22. Qg6 Qe8 23. Qg2 Kh7 24. Bg5 Qg6 25. Nd2 Bb4 26. Rad1 Bxd2 27. Rxd2 Ne4 28. Bxe4 Qxe4 29. f3 Qg6 30. e4 Rf7 31. h4 Rcf8 32. cxd5 cxd5 33. Re3 dxe4 34. fxe4 Bb7 0-1

[Event "Vienna Chess Open 2019"]
[Site "Vienna"]
[Date "2019.08.18"]
[Round "3.6"]
[White "Miedema, David"]
[Black "Kiss, Balint"]
[Result "1-0"]
[ECO "C70"]
[WhiteElo "2371"]
[BlackElo "2200"]
[Annotator "NA"]
[PlyCount "85"]
[EventDate "2019.08.17"]
[EventType "swiss"]
[EventCountry "AUT"]
[SourceTitle "playchess.com"]
[Source "ChessBase"]
[SourceQuality "1"]
[TimeControl "40/5400+30:1800+30"]

1. e4 e5 2. Nf3 Nc6 3. Bb5 a6 4. Ba4 Nge7 5. O-O g6 6. c3 Bg7 7. d4 exd4 8. cxd4 b5 9. Bb3 d6 10. Nc3 O-O 11. h3 Na5 12. Bc2 c5 13. d5 b4 14. Ne2 Nc4 15. Rb1 a5 16. b3 Nb6 17. Re1 a4 18. bxa4 Bd7 19. a3 bxa3 20. Bxa3 Nxa4 21. Bc1 Nc3 22. Nxc3 Bxc3 23. Re3 Bg7 24. Reb3 Ba4 25. Rb7 Bxc2 26. Qxc2 Nc8 27. Bf4 Ra7 28. Rxa7 Nxa7 29. Qa4 Nc8 30. Rb7 Qf6 31. e5 dxe5 32. Bxe5 Qf5 33. Bxg7 Kxg7 34. Qc6 Qf6 35. Qxc5 Nd6 36. Rd7 Ne4 37. Qe3 Qa1+ 38. Kh2 Nf6 39. Ra7 Qd1 40. Nd4 Re8 41. Nf5+ Kg8 42. Nh6+ Kh8 43. Qc3 1-0

[Event "Vienna Chess Open 2019"]
[Site "Vienna"]
[Date "2019.08.18"]
[Round "3.6"]
[White "Pantzar, Milton"]
[Black "Hertneck, Gerald"]
[Result "0-1"]
[ECO "D70"]
[WhiteElo "2356"]
[BlackElo "2495"]
[Annotator "ChessBase"]
[PlyCount "70"]
[EventDate "2019.08.17"]
[EventType "swiss"]
[EventCountry "AUT"]
[SourceTitle "playchess.com"]
[Source "ChessBase"]
[SourceQuality "1"]
[TimeControl "40/5400+30:1800+30"]

1. d4 d5 2. c4 c6 3. Nf3 Nf6 4. Nbd2 Bf5 5. Nh4 Be4 6. Qb3 Qb6 7. f3 Bg6 8. cxd5 cxd5 9. Qxb6 axb6 10. Nxg6 hxg6 11. e3 Nc6 12. Kf2 e6 13. Bb5 Bd6 14. h3 Ke7 15. Nb3 Na5 16. Nxa5 bxa5 17. Bd3 Rhc8 18. h4 b5 19. g4 b4 20. Bd2 e5 21. dxe5 Bxe5 22. Rab1 Nd7 23. h5 Nc5 24. Ke2 Nxd3 25. Kxd3 g5 26. Rhc1 Rxc1 27. Rxc1 Bxb2 28. Rc7+ Ke6 29. e4 dxe4+ 30. Kxe4 Bf6 31. Rc6+ Kd7 32. Kd5 Be7 33. Be3 a4 34. Rb6 b3 35. axb3 a3 0-1

[Event "Vienna Chess Open 2019"]
[Site "Vienna"]
[Date "2019.08.18"]
[Round "3.7"]
[White "Buhmann, Rainer"]
[Black "Matt, Fabian"]
[Result "1/2-1/2"]
[ECO "D12"]
[WhiteElo "2574"]
[BlackElo "2271"]
[Annotator "ChessBase"]
[PlyCount "47"]
[EventDate "2019.08.17"]
[EventType "swiss"]
[EventCountry "AUT"]
[SourceTitle "playchess.com"]
[Source "ChessBase"]
[SourceQuality "1"]
[TimeControl "40/5400+30:1800+30"]

1. Nf3 d5 2. d4 c6 3. c4 Nf6 4. e3 Bf5 5. Nc3 e6 6. Nh4 Be4 7. f3 Bg6 8. Be2 Be7 9. O-O Nbd7 10. cxd5 cxd5 11. Qb3 Qb8 12. g3 O-O 13. Bd2 a6 14. a4 Qd6 15. Na2 e5 16. Rac1 Rfe8 17. Rf2 Rac8 18. Rxc8 Rxc8 19. Nxg6 hxg6 20. a5 Rc7 21. Rf1 Nf8 22. Rc1 exd4 23. exd4 Ne6 24. Rxc7 1/2-1/2

[Event "Vienna Chess Open 2019"]
[Site "Vienna"]
[Date "2019.08.18"]
[Round "3.7"]
[White "Cvitan, Ognjen"]
[Black "Ruff, Maximilian"]
[Result "1/2-1/2"]
[ECO "A13"]
[WhiteElo "2493"]
[BlackElo "2353"]
[Annotator "ChessBase"]
[PlyCount "51"]
[EventDate "2019.08.17"]
[EventType "swiss"]
[EventCountry "AUT"]
[SourceTitle "playchess.com"]
[Source "ChessBase"]
[SourceQuality "1"]
[TimeControl "40/5400+30:1800+30"]

1. Nf3 Nf6 2. c4 e6 3. g3 d5 4. Bg2 dxc4 5. Qa4+ Bd7 6. Qxc4 c5 7. Ne5 Qc8 8. Nc3 Nc6 9. Nxd7 Qxd7 10. Qa4 Rc8 11. O-O b6 12. d3 Be7 13. Rd1 O-O 14. Bd2 Rfd8 15. Rac1 Nd4 16. Qxd7 Rxd7 17. Kf1 h6 18. Be1 Rcd8 19. h3 Nf5 20. Bc6 Rc7 21. Bg2 Rcd7 22. b3 Kf8 23. Nb5 Nd4 24. Na3 Nd5 25. Nc4 Bf6 26. Bd2 1/2-1/2

[Event "Vienna Chess Open 2019"]
[Site "Vienna"]
[Date "2019.08.18"]
[Round "3.9"]
[White "Gumularz, Szymon"]
[Black "Pieper, Thomas"]
[Result "1/2-1/2"]
[ECO "B20"]
[WhiteElo "2501"]
[BlackElo "2234"]
[Annotator "ChessBase"]
[PlyCount "47"]
[EventDate "2019.08.17"]
[EventType "swiss"]
[EventCountry "AUT"]
[SourceTitle "playchess.com"]
[Source "ChessBase"]
[SourceQuality "1"]
[TimeControl "40/5400+30:1800+30"]

1. e4 c5 2. Ne2 d6 3. g3 Nc6 4. Bg2 g6 5. c3 Bg7 6. d4 Qb6 7. d5 Nb8 8. O-O Nf6 9. c4 O-O 10. Nbc3 Re8 11. h3 e6 12. b3 exd5 13. exd5 h5 14. Be3 Bf5 15. Rc1 Nbd7 16. Qd2 Ne5 17. f3 Bd3 18. f4 Bxe2 19. Nxe2 Ned7 20. Qd3 Re7 21. Bf2 Rae8 22. Nc3 Qd8 23. Bf3 Bh6 24. h4 1/2-1/2

[Event "Vienna Chess Open 2019"]
[Site "Vienna"]
[Date "2019.08.18"]
[Round "3.9"]
[White "Janik, Igor"]
[Black "Akesson, Ralf"]
[Result "0-1"]
[ECO "E10"]
[WhiteElo "2483"]
[BlackElo "2348"]
[Annotator "ChessBase"]
[PlyCount "56"]
[EventDate "2019.08.17"]
[EventType "swiss"]
[EventCountry "AUT"]
[SourceTitle "playchess.com"]
[Source "ChessBase"]
[SourceQuality "1"]
[TimeControl "40/5400+30:1800+30"]

1. d4 Nf6 2. c4 e6 3. Nf3 d5 4. g3 Bb4+ 5. Nbd2 dxc4 6. Bg2 b5 7. O-O a5 8. a3 Bxd2 9. Bxd2 Bb7 10. b3 Nbd7 11. a4 cxb3 12. axb5 a4 13. Bb4 Qb8 14. Ba3 Be4 15. d5 Bxd5 16. Nd4 Bxg2 17. Kxg2 e5 18. Nf5 g6 19. Ng7+ Kd8 20. Qd3 Qb7+ 21. f3 Rg8 22. Rac1 Rxg7 23. Rc6 Rb8 24. Rxf6 Qxb5 25. Qd2 Kc8 26. Qh6 Nxf6 27. Qxg7 Rb6 28. Qxf7 b2 0-1

[Event "Vienna Chess Open 2019"]
[Site "Vienna"]
[Date "2019.08.18"]
[Round "3.10"]
[White "Yankelevich, Lev"]
[Black "Tryggestad, Andreas Garberg"]
[Result "1-0"]
[ECO "A00"]
[WhiteElo "2480"]
[BlackElo "2343"]
[Annotator "ChessBase"]
[PlyCount "72"]
[EventDate "2019.08.17"]
[EventType "swiss"]
[EventCountry "AUT"]
[SourceTitle "playchess.com"]
[Source "ChessBase"]
[SourceQuality "1"]
[TimeControl "40/5400+30:1800+30"]

1. g3 Nf6 2. Bg2 d5 3. Nf3 g6 4. b3 Bg7 5. Bb2 O-O 6. O-O c6 7. c4 a5 8. d4 Bf5 9. Nfd2 a4 10. bxa4 dxc4 11. Nxc4 Be4 12. Qb3 Bxg2 13. Kxg2 Na6 14. Rd1 Nd5 15. Nbd2 Rb8 16. Nf3 Qc7 17. Rac1 Rfd8 18. Nce5 e6 19. e4 Nf6 20. Ng5 Rf8 21. Ba3 c5 22. Bxc5 Nxc5 23. Rxc5 Qe7 24. Qb6 Nd7 25. Nxd7 Qxd7 26. Qb5 Qd6 27. e5 Qe7 28. Ne4 Rfd8 29. Nd6 b6 30. Rc6 Qa7 31. Rdc1 Bf8 32. d5 Bxd6 33. Rxd6 exd5 34. Qxd5 Qe7 35. Rcc6 Rxd6 36. exd6 Qe6 1-0

[Event "Vienna Chess Open 2019"]
[Site "Vienna"]
[Date "2019.08.18"]
[Round "3.10"]
[White "Losonczi, Marcell"]
[Black "Valsecchi, Alessio"]
[Result "0-1"]
[ECO "C88"]
[WhiteElo "2276"]
[BlackElo "2494"]
[Annotator "ChessBase"]
[PlyCount "60"]
[EventDate "2019.08.17"]
[EventType "swiss"]
[EventCountry "AUT"]
[SourceTitle "playchess.com"]
[Source "ChessBase"]
[SourceQuality "1"]
[TimeControl "40/5400+30:1800+30"]

1. e4 e5 2. Nf3 Nc6 3. Bb5 a6 4. Ba4 Nf6 5. O-O Be7 6. Re1 b5 7. Bb3 O-O 8. a4 b4 9. d3 d6 10. Nbd2 Na5 11. Ba2 c5 12. Nc4 Nc6 13. c3 Rb8 14. Ne3 Be6 15. Nd5 Bxd5 16. Bxd5 Nxd5 17. exd5 Na5 18. d4 exd4 19. cxd4 c4 20. Nd2 Re8 21. Ne4 Nb3 22. Rb1 Qa5 23. Qh5 g6 24. Qf3 f5 25. Ng3 Nxd4 26. Qd1 Bf6 27. Be3 Qxd5 28. Qd2 c3 29. bxc3 bxc3 30. Rxb8 Rxb8 0-1

[Event "Vienna Chess Open 2019"]
[Site "Vienna"]
[Date "2019.08.19"]
[Round "4.1"]
[White "Palac, Mladen"]
[Black "Valmana Canto, Jaime"]
[Result "1-0"]
[ECO "C11"]
[WhiteElo "2551"]
[BlackElo "2406"]
[Annotator "ChessBase"]
[PlyCount "59"]
[EventDate "2019.08.17"]
[EventType "swiss"]
[EventCountry "AUT"]
[SourceTitle "playchess.com"]
[Source "ChessBase"]
[SourceQuality "1"]
[TimeControl "40/5400+30:1800+30"]

1. e4 e6 2. d4 d5 3. Nc3 Nf6 4. e5 Nfd7 5. f4 c5 6. Nf3 Nc6 7. Be3 Be7 8. Qd2 O-O 9. dxc5 Qa5 10. Nd4 Bxc5 11. Nb3 Bxe3 12. Qxe3 Qb6 13. Qxb6 axb6 14. O-O-O f6 15. exf6 Nxf6 16. g3 Ng4 17. Rd2 e5 18. Nxd5 exf4 19. Nxb6 Bf5 20. Bc4+ Kh8 21. Nxa8 Rxa8 22. gxf4 Rxa2 23. Kb1 Ra8 24. Nd4 Nxd4 25. Rxd4 g6 26. Bd3 Be6 27. b3 Rf8 28. Re1 Bc8 29. Rc4 Nf6 30. Re5 1-0

[Event "Vienna Chess Open 2019"]
[Site "Vienna"]
[Date "2019.08.19"]
[Round "4.1"]
[White "Valsecchi, Alessio"]
[Black "Vardaan Nagpal"]
[Result "1/2-1/2"]
[ECO "C42"]
[WhiteElo "2494"]
[BlackElo "2343"]
[Annotator "ChessBase"]
[PlyCount "78"]
[EventDate "2019.08.17"]
[EventType "swiss"]
[EventCountry "AUT"]
[SourceTitle "playchess.com"]
[Source "ChessBase"]
[SourceQuality "1"]
[TimeControl "40/5400+30:1800+30"]

1. e4 e5 2. Nf3 Nf6 3. Nxe5 d6 4. Nf3 Nxe4 5. Bd3 Nf6 6. O-O Be7 7. h3 O-O 8. c3 Re8 9. Bc2 Nbd7 10. d4 Bf8 11. Bg5 g6 12. Nbd2 Bg7 13. Nh2 h6 14. Bh4 d5 15. Ng4 g5 16. Bg3 Nxg4 17. hxg4 Nf8 18. Qf3 Be6 19. Rfe1 Qd7 20. Bf5 c6 21. Nf1 Bxf5 22. gxf5 f6 23. Bh2 Rxe1 24. Rxe1 Re8 25. Re3 Rxe3 26. Nxe3 Qe8 27. g4 Nd7 28. b3 Nb6 29. a4 Bf8 30. a5 Nc8 31. c4 dxc4 32. bxc4 Bd6 33. c5 Bxh2+ 34. Kxh2 Kf7 35. Kg1 Qd7 36. Qe4 Ne7 37. Nc4 Nd5 38. Nd6+ Kf8 39. Nc4 Nc3 1/2-1/2

[Event "Vienna Chess Open 2019"]
[Site "Vienna"]
[Date "2019.08.19"]
[Round "4.2"]
[White "Kowalski, Igor"]
[Black "Cvitan, Ognjen"]
[Result "1/2-1/2"]
[ECO "D37"]
[WhiteElo "2493"]
[BlackElo "2493"]
[Annotator "ChessBase"]
[PlyCount "40"]
[EventDate "2019.08.17"]
[EventType "swiss"]
[EventCountry "AUT"]
[SourceTitle "playchess.com"]
[Source "ChessBase"]
[SourceQuality "1"]
[TimeControl "40/5400+30:1800+30"]

1. d4 Nf6 2. c4 e6 3. Nf3 d5 4. Nc3 Be7 5. Bf4 O-O 6. e3 c5 7. dxc5 Bxc5 8. Qc2 Nc6 9. a3 Qa5 10. Nd2 Be7 11. Nb3 Qb6 12. O-O-O Bd7 13. g4 Rfc8 14. g5 Nh5 15. cxd5 Nxf4 16. exf4 Na5 17. Nxa5 Qxa5 18. Rd3 Bd6 19. Qd2 e5 20. Bh3 Bxh3 1/2-1/2

[Event "Vienna Chess Open 2019"]
[Site "Vienna"]
[Date "2019.08.19"]
[Round "4.2"]
[White "Ravi, Teja S."]
[Black "Nasuta, Grzegorz"]
[Result "1-0"]
[ECO "D11"]
[WhiteElo "2420"]
[BlackElo "2533"]
[Annotator "ChessBase"]
[PlyCount "73"]
[EventDate "2019.08.17"]
[EventType "swiss"]
[EventCountry "AUT"]
[SourceTitle "playchess.com"]
[Source "ChessBase"]
[SourceQuality "1"]
[TimeControl "40/5400+30:1800+30"]

1. d4 d5 2. c4 c6 3. Nf3 Nf6 4. e3 Bg4 5. h3 Bh5 6. g4 Bg6 7. Ne5 Nbd7 8. Nxg6 hxg6 9. Qb3 e6 10. Qxb7 Nxg4 11. Qxc6 Rc8 12. Qa6 dxc4 13. Nc3 Rh5 14. Qxa7 Ra5 15. Qb7 Ngf6 16. Qf3 Qb6 17. Bg2 e5 18. O-O exd4 19. exd4 Bd6 20. a4 Rf5 21. Qb7 Qxb7 22. Bxb7 Rb8 23. Ba6 Bf4 24. Re1+ Kf8 25. Re2 Bxc1 26. Rxc1 Nb6 27. Bb5 Rd8 28. Rce1 Kg8 29. d5 Kh7 30. Re5 Rf4 31. a5 Nbxd5 32. Rd1 Nxc3 33. Rxd8 Nce4 34. Rd4 Rxf2 35. Rdxe4 Nxe4 36. Rxe4 Rxb2 37. Bxc4 1-0

[Event "Vienna Chess Open 2019"]
[Site "Vienna"]
[Date "2019.08.19"]
[Round "4.2"]
[White "Schwabeneder, Florian"]
[Black "Lechner, Daniel"]
[Result "1-0"]
[ECO "A08"]
[WhiteElo "2404"]
[BlackElo "2404"]
[Annotator "NA"]
[PlyCount "51"]
[EventDate "2019.08.17"]
[EventType "swiss"]
[EventCountry "AUT"]
[SourceTitle "playchess.com"]
[Source "ChessBase"]
[SourceQuality "1"]
[TimeControl "40/5400+30:1800+30"]

1. Nf3 c5 2. g3 d5 3. Bg2 Nf6 4. O-O e6 5. c4 d4 6. e3 Nc6 7. exd4 cxd4 8. d3 Bd6 9. Na3 O-O 10. Nc2 e5 11. b4 Re8 12. b5 Ne7 13. Re1 Nd7 14. Ng5 Nf8 15. a4 Rb8 16. a5 Ne6 17. Nxe6 Bxe6 18. Bd2 Qd7 19. Nb4 f6 20. Qa4 Kf8 21. a6 b6 22. Nc6 Rbc8 23. Bb4 Rc7 24. Rac1 Bxb4 25. Qxb4 Kf7 26. Rxe5 1-0

[Event "Vienna Chess Open 2019"]
[Site "Vienna"]
[Date "2019.08.19"]
[Round "4.3"]
[White "Shengelia, David"]
[Black "Bick, Gabriel"]
[Result "0-1"]
[ECO "A45"]
[WhiteElo "2523"]
[BlackElo "2375"]
[Annotator "ChessBase"]
[PlyCount "48"]
[EventDate "2019.08.17"]
[EventType "swiss"]
[EventCountry "AUT"]
[SourceTitle "playchess.com"]
[Source "ChessBase"]
[SourceQuality "1"]
[TimeControl "40/5400+30:1800+30"]

1. d4 Nf6 2. g3 d5 3. Bg2 e6 4. Nf3 b5 5. O-O Bb7 6. c3 c5 7. Bg5 Nbd7 8. Nbd2 Be7 9. a4 a6 10. dxc5 Nxc5 11. axb5 axb5 12. Nd4 Qb6 13. Rxa8+ Bxa8 14. b4 Na4 15. Qb3 O-O 16. Ra1 Rc8 17. Nxb5 Ng4 18. Bxe7 Qxf2+ 19. Kh1 d4 20. Nf3 Ne3 21. Rg1 Nxc3 22. Nbxd4 Nxe2 23. Nxe2 Bxf3 24. Nf4 Rc1 0-1

[Event "Vienna Chess Open 2019"]
[Site "Vienna"]
[Date "2019.08.19"]
[Round "4.3"]
[White "Blohberger, Felix"]
[Black "Zamengo, Fulvio"]
[Result "1-0"]
[ECO "A05"]
[WhiteElo "2467"]
[BlackElo "2342"]
[Annotator "ChessBase"]
[PlyCount "77"]
[EventDate "2019.08.17"]
[EventType "swiss"]
[EventCountry "AUT"]
[SourceTitle "playchess.com"]
[Source "ChessBase"]
[SourceQuality "1"]
[TimeControl "40/5400+30:1800+30"]

1. Nf3 Nf6 2. g3 b6 3. Bg2 Bb7 4. c4 c5 5. O-O g6 6. b3 Bg7 7. Bb2 O-O 8. d4 d5 9. cxd5 cxd4 10. Qxd4 Qxd5 11. Qxd5 Bxd5 12. Nc3 Bc6 13. Rac1 Nbd7 14. Ba3 Nc5 15. Bxc5 bxc5 16. Ne5 Bxg2 17. Kxg2 Rfc8 18. Nc4 Ne8 19. Na4 Rc7 20. Rc2 Rac8 21. Rfc1 Bf8 22. Ne5 e6 23. Nd3 Nf6 24. Naxc5 Nd7 25. b4 a5 26. a3 axb4 27. axb4 Nf6 28. Ne1 Nd5 29. Na6 Rxc2 30. Rxc2 Ra8 31. b5 Nb4 32. Nxb4 Bxb4 33. Nd3 Bd6 34. Rc6 Rd8 35. b6 Kf8 36. b7 Ke7 37. Rc8 g5 38. Nb4 Rd7 39. b8=Q 1-0

[Event "Vienna Chess Open 2019"]
[Site "Vienna"]
[Date "2019.08.19"]
[Round "4.4"]
[White "Hertneck, Gerald"]
[Black "Miedema, David"]
[Result "1/2-1/2"]
[ECO "D43"]
[WhiteElo "2495"]
[BlackElo "2371"]
[Annotator "ChessBase"]
[PlyCount "27"]
[EventDate "2019.08.17"]
[EventType "swiss"]
[EventCountry "AUT"]
[SourceTitle "playchess.com"]
[Source "ChessBase"]
[SourceQuality "1"]
[TimeControl "40/5400+30:1800+30"]

1. d4 Nf6 2. c4 e6 3. Nf3 d5 4. Nc3 c6 5. cxd5 exd5 6. Bg5 Be7 7. Qc2 g6 8. e3 Bf5 9. Bd3 Bxd3 10. Qxd3 Nbd7 11. Bf4 Nh5 12. Bh6 Bf8 13. Bg5 Be7 14. Bh6 1/2-1/2

[Event "Vienna Chess Open 2019"]
[Site "Vienna"]
[Date "2019.08.19"]
[Round "4.4"]
[White "Abdumalik, Zhansaya"]
[Black "Mostbauer, Florian"]
[Result "1-0"]
[ECO "B17"]
[WhiteElo "2457"]
[BlackElo "2338"]
[Annotator "ChessBase"]
[PlyCount "63"]
[EventDate "2019.08.17"]
[EventType "swiss"]
[EventCountry "AUT"]
[SourceTitle "playchess.com"]
[Source "ChessBase"]
[SourceQuality "1"]
[TimeControl "40/5400+30:1800+30"]

1. e4 c6 2. d4 d5 3. Nd2 dxe4 4. Nxe4 Nd7 5. Nf3 Ngf6 6. Ng3 c5 7. c3 e6 8. Bd3 Qc7 9. Qe2 Bd6 10. O-O O-O 11. Ne4 b6 12. Bg5 Bb7 13. dxc5 Bxc5 14. Rad1 Rfe8 15. Nxf6+ Nxf6 16. Ne5 Nd5 17. c4 f6 18. cxd5 Bxd5 19. Bb5 Rf8 20. Nd7 fxg5 21. Nxf8 Rxf8 22. b3 Qb7 23. Qg4 Rf4 24. Qxg5 Qf7 25. Qd8+ Bf8 26. f3 Qg6 27. Bd3 Qh5 28. Be4 Bxe4 29. fxe4 Qc5+ 30. Kh1 Rxe4 31. Qe8 Qe7 32. Rd8 1-0